 Dungeon Crawl Stone Soup version 0.29-a0-529-gfa20dd96a1 (webtiles) character file.

Game seed: 7125521175717765005

342 hquester1 the Skirmisher (level 6, -2/93 HPs)
             Began as a Troll Fighter on June 1, 2022.
             Engulfed by a cloud of steam (6 damage)
             ... on level 6 of the Dungeon.
             The game lasted 00:08:26 (1982 turns).

hquester1 the Skirmisher (Troll Fighter)            Turns: 1982, Time: 00:08:27

Health: -2/93      AC: 23    Str: 25    XL:     6   Next: 30%
Magic:  5/5        EV:  1    Int:  4    God:
Gold:   140        SH:  8    Dex: 11    Spells: 5/5 levels left

rFire   . . .      SeeInvis .   a - +0 flail
rCold   . . .      Faith    .   c - +0 kite shield
rNeg    . . .      Spirit   .   (body armour currently unavailable)
rPois   +          Reflect  .   (helmet currently unavailable)
rElec   .          Harm     .   (cloak currently unavailable)
rCorr   .          Rampage  .   (gloves unavailable)
Will    .....      NoTele   +   (boots unavailable)
Stlth   +.........              (no amulet)
HPRegen 1.05/turn               (no ring)
MPRegen 0.09/turn               (no ring)

@: tree-form
A: stationary, stasis, torment immunity, boosted hp, large, unfitting armour,
(claws 3), regeneration 1, (shaggy fur 1), (tough skin 1)
a: no special abilities


You were on level 6 of the Dungeon.
You were a tree.
You visited 1 branch of the dungeon, and saw 4 of its levels.

You collected 140 gold pieces.

Inventory:

Hand Weapons
 a - a +0 flail (weapon)
Armour
 b - a +0 robe (melded)
 c - a +0 kite shield (worn)
 l - a +0 cloak
Wands
 o - a wand of flame (12)
Scrolls
 e - 4 scrolls of identify
 f - a scroll of blinking
 g - a scroll of noise
 h - a scroll of vulnerability {unknown}
 j - 2 scrolls of poison
 m - 2 scrolls of teleportation {unknown}
 n - a scroll of summoning {unknown}
Potions
 d - a potion of might
 i - a potion of lignification
 k - a potion of invisibility


   Skills:
 * Level 4.1 Fighting
 + Level 3.1 Maces & Flails
 + Level 3.3 Dodging
 + Level 3.7 Shields
 + Level 0.7 Evocations


You had 5 spell levels left.
You didn't know any spells.
Your spell library contained the following spells:

 Spells                   Type           Power      Damage    Failure   Level
 Beastly Appendage        Tmut           0%         N/A       80%         1
 Wereblood                Tmut           0%         N/A       90%         2
 Ignite Poison            Fire/Tmut/Pois 0%         N/A       99%         3
 Mephitic Cloud           Conj/Pois/Air  0%         N/A       99%         3
 Spider Form              Tmut/Pois      0%         N/A       99%         3
 Anguish                  Hex/Necr       0%         N/A       100%        4
 Freezing Cloud           Conj/Ice/Air   0%         6-21      100%        5
 Enfeeble                 Hex            0%         N/A       100%        7


Dungeon Overview and Level Annotations

Branches:
Dungeon (3/15)

Altars:
Dithmenos

Annotations:
D:3 2 transporters, bulbasaur's ghost, amateur DEFE


Innate Abilities, Weirdness & Mutations

You are a tree.
Your roots penetrate the ground, keeping you stationary.
You cannot be teleported.
You are immune to unholy pain and torment.
Your maximum health is greatly increased.
Your equipment is partially melded.
You are too large for most types of armour.
((You have claws for hands.))
Your natural rate of healing is unusually fast.
((You are covered in fur. (AC +1)))
((You have tough skin. (AC +1)))


Message History

The steam dragon bites you but does no damage.
The steam dragon claws you but does no damage.
You barely miss the steam dragon.
The steam dragon is heavily wounded.
The steam dragon bites you but does no damage.
You block the steam dragon's attack.
You hit the steam dragon.
The steam dragon is severely wounded.
The steam dragon bites you.
* * * LOW HITPOINT WARNING * * *
You block the steam dragon's attack.
You closely miss the steam dragon.
The steam dragon is severely wounded.
The steam dragon breathes steam at you. The ball of steam hits you!
* * * LOW HITPOINT WARNING * * *
You block the steam dragon's attack. x2
You closely miss the steam dragon.
The steam dragon is severely wounded.
You are engulfed in a cloud of scalding steam.
The steam dragon bites you but does no damage.
The steam dragon claws you but does no damage.
You thump the steam dragon!
The steam dragon is almost dead.
You are engulfed in a cloud of scalding steam.
The steam dragon breathes steam at you. The ball of steam hits you.
* * * LOW HITPOINT WARNING * * *
Unknown command.
You sock the steam dragon!
You kill the steam dragon!
You are engulfed in a cloud of scalding steam.
The ufetubus hits you but does no damage. x2
Your Fighting skill increases to level 4!
Your Maces & Flails skill increases to level 3!
You have reached level 6!
You feel stronger.
You miss the ufetubus.
You are engulfed in a cloud of scalding steam.
You die...

...##..##
........##
.....##..## .
..... ##..##
..... .....
##..## .......
.... ##..##
....... ....
##..## .......
...
###5####.......
##.#♣.......#
##5.......#
##.....###
##...## #..>#
#..## ##.# .#
..


You could see an ufetubus.

Vanquished Creatures
  A steam dragon (D:6)
  Natasha (thrice) (D:2)
  A gnoll (D:2)
  6 adders
  2 worms
  A dart slug (D:2)
  4 orcs (D:3)
  3 ball pythons
  4 endoplasms
  A giant cockroach (D:2)
  11 goblins
  6 hobgoblins
  3 jackals (D:2)
  2 kobolds (D:2)
  3 quokkas (D:1)
  5 bats
  4 frilled lizards
  4 rats
64 creatures vanquished.

Vanquished Creatures (others)
  A jelly (D:6)
1 creature vanquished.

Grand Total: 65 creatures vanquished

Notes
Turn   | Place    | Note
-------+----------+-------------------------------------------
     0 | D:1      | hquester1 the Troll Fighter began the quest for the Orb.
     0 | D:1      | Reached XP level 1. HP: 22/22 MP: 0/0
   201 | D:1      | Reached XP level 2. HP: 29/29 MP: 1/1
   617 | D:1      | Reached XP level 3. HP: 36/36 MP: 2/2
   841 | D:2      | Noticed Natasha
   849 | D:2      | Killed Natasha
   850 | D:2      | Reached skill level 3 in Fighting
  1013 | D:2      | Reached XP level 4. HP: 33/45 MP: 3/3
  1096 | D:2      | Identified the +1 buckler of Dishonour {rPois rN++ Str-3
                  | SInv}
  1271 | D:2      | Noticed Natasha
  1279 | D:2      | Killed Natasha
  1327 | D:2      | Reached XP level 5. HP: 46/53 MP: 4/4
  1370 | D:2      | Found a faded altar of an unknown god.
  1464 | D:2      | Noticed Natasha
  1474 | D:2      | Killed Natasha
  1657 | D:3      | Noticed bulbasaur's ghost (amateur DEFE)
  1657 | D:3      | Found a transporter.
  1667 | D:3      | Found a transporter.
  1932 | D:3      | Found a shadowy altar of Dithmenos.
  1935 | D:3      | You fall into a shaft and drop 3 floors!
  1952 | D:6      | Noticed a steam dragon
  1978 | D:6      | HP: 2/81 [steam dragon/ball of steam (8)]
  1981 | D:6      | Killed a steam dragon
  1982 | D:6      | Reached skill level 4 in Fighting
  1982 | D:6      | Reached XP level 6. HP: 4/62 MP: 5/5
  1982 | D:6      | Engulfed by a cloud of steam

Illustrated notes

Levels and vault maps discovered:
D:1:      matt_arrival_los_fun, layout_basic
D:2:      layout_loops_ring, basic_ecumenical_altar, minmay_box_of_dots,
          uniq_natasha
D:3:      layout_rooms, nicolae_dithmenos_the_darkroom,
          gammafunk_ghost_mausoleum
D:6:      layout_cave_pods, mrwooster_statue_mirror, grunt_decor_mini_mirrors,
          minmay_stone_trees_small, uniq_crazy_yiuf_cottage

Skill      XL: |  1  2  3  4  5 |
---------------+----------------+-----
Maces & Flails | 2 3 |  3.1
Shields        | 3 |  3.7
Fighting       | 3 4 |  4.1
Dodging        | 3 |  3.3
Evocations     | |  0.7

Action                   |  1- 3 |  4- 6 || total
-------------------------+-------+-------++-------
Melee: Flail             |   130 |   141 ||   271
  Use: Scroll            |       |     5 ||     5
       Potion            |       |     1 ||     1
 Stab: Sleeping          |     1 |       ||     1
Armor: Robe              |    55 |    42 ||    97
       Skin              |       |    14 ||    14
Dodge: Dodged            |    69 |    53 ||   122
Block: Kite shield       |    57 |    46 ||   103

Table legend: (Time is in decaauts)
 A = Elapsed time spent in this place.
 B = Non-inter-level travel time spent in this place.
 C = Inter-level travel time spent in this place.
 D = Time resting spent in this place.
 E = Time spent auto-exploring this place.
 F = Levels seen in this place.
 G = Mean time per level.
                   A        B        C        D        E       F      G
               +--------+--------+--------+--------+--------+-----+--------+
         Total |   2095 |   2020 |     75 |    119 |   1165 |   4 |  523.8 |
       Dungeon |   2095 |   2020 |     75 |    119 |   1165 |   4 |  523.8 |
               +--------+--------+--------+--------+--------+-----+--------+

Top non-repeatable levels by time:
     D:2: 925 daAuts
     D:1: 862 daAuts
     D:3: 256 daAuts
     D:6: 50 daAuts
